 Dungeon Crawl Stone Soup version 0.25-a0-474-ga8a2ee3166 (webtiles) character file.

Game seed: 8695475749949409061, levelgen mode: deterministic

5221 funkygono the Grappler (level 10, -9/92 HPs)
             Began as a Troll Fighter on Feb 6, 2020.
             Was a Believer of the Shining One.
             Mangled by a death yak (24 damage)
             ... on level 9 of the Dungeon.
             The game lasted 00:17:51 (6801 turns).

funkygono the Grappler (Troll Fighter)              Turns: 6801, Time: 00:17:52

Health: -9/92      AC: 10    Str: 26    XL:     10   Next: 35%
Magic:  9/9        EV: 11    Int:  4    God:    the Shining One [**....]
Gold:   423        SH: 11    Dex: 12    Spells: 9/9 levels left

rFire    . . .     SeeInvis .     - Unarmed
rCold    . . .     Gourm    +   b - +1 shield
rNeg     + . .     Faith    .   t - +1 steam dragon scales
rPois    .         Spirit   .   (helmet restricted)
rElec    .         Reflect  .   (no cloak)
rCorr    +         Harm     .   (gloves unavailable)
MR       .....                  (boots unavailable)
Stlth    +.........             (no amulet)
HPRegen  0.65/turn              n - ring of resist corrosion
MPRegen  0.11/turn              w - ring of flight

@: glowing
A: large, unfitting armour, claws 3, fast metabolism 3, gourmand, regeneration
1, shaggy fur 1, tough skin 3
a: Divine Shield, Renounce Religion, Evoke Flight


You were on level 9 of the Dungeon.
You worshipped the Shining One.
The Shining One was pleased with you.
You were very full.

You visited 2 branches of the dungeon, and saw 10 of its levels.

You collected 423 gold pieces.

Inventory:

Hand Weapons
 v - the +8 scimitar of Kosiown {vorpal, Str+3 Dex+7}
   (You took it off an efreet on level 8 of the Dungeon)

   It inflicts extra damage upon your enemies.
   It affects your strength (+3).
   It affects your dexterity (+7).
Missiles
 g - 322 stones (quivered)
Armour
 a - a +0 robe
 b - a +1 shield (worn)
 t - +1 steam dragon scales (worn)
Jewellery
 n - a ring of resist corrosion (left claw)
 w - a ring of flight (right claw)
Wands
 q - a wand of enslavement (11)
 A - a wand of disintegration (18)
Scrolls
 e - 2 scrolls of magic mapping
 j - a scroll of remove curse
 p - 2 scrolls of identify
 r - 3 scrolls of teleportation
 x - 2 scrolls of enchant weapon
 y - a scroll of amnesia
Potions
 c - 2 potions of might
 f - a potion of resistance
 h - a potion of lignification
 i - a potion of magic
 k - a potion of cancellation
 m - a potion of haste
 s - 2 potions of mutation
 B - a potion of invisibility {unknown}
Comestibles
 d - 16 rations


   Skills:
 + Level 4.0 Fighting
 + Level 5.6 Dodging
 + Level 6.4 Shields
 + Level 11.6 Unarmed Combat


You had 9 spell levels left.
You didn't know any spells.
Your spell library was empty.

Dungeon Overview and Level Annotations

Branches:
Dungeon (10/15)            Temple (1/1) D:5
   Lair: D:8-11         Orc: D:9-12

Altars:
Ashenzari
Dithmenos
Elyvilon
Fedhas
Gozag
Kikubaaqudgha
Makhleb
Nemelex Xobeh
Okawaru
Qazlal
Sif Muna
Trog
Uskayaw
Wu Jian
Yredelemnul
Zin
The Shining One


Innate Abilities, Weirdness & Mutations

You are too large for most types of armour.
You have claws for hands.
Your metabolism is lightning-fast.
You like to eat raw meat.
Your natural rate of healing is unusually fast.
You are covered in fur. (AC +1)
You have extremely tough skin. (AC +3)


Message History

The death yak gores you!!
* * * LOW HITPOINT WARNING * * *
You scratch the death yak but do no damage.
The death yak is severely wounded.
The death yak gores you!
* * * LOW HITPOINT WARNING * * *
It was a potion of curing.
You feel better. You block the death yak's attack.
You mangle the death yak!!
The death yak is almost dead.
The death yak barely misses you.
You scratch the death yak but do no damage.
The death yak is almost dead.
The death yak gores you but does no damage.
You claw the death yak!
You kill the death yak!
Your Fighting skill increases to level 4!
You mangle the death yak!!
The death yak is moderately wounded.
The death yak gores you!!
You die...

###############
#..).(........#
#.###########.# ######.#
#.# #......### #.#
#.#......#########.#
#.#.####....@YY..>.#
#####.#....##.#####.##.#
#........#.##.#####.##.#
#.##...(###............#
.........#.##.###...##.#
#......##.###.# #.[.##.#
.###..##### #.###...##.# .#
#..# #..........####
.###.#########............#


You could see 2 death yaks.

Vanquished Creatures
  A death yak (D:9)
  A cyclops (D:8)
  A gargoyle (D:8)
  An efreet (D:8)
  A hippogriff (D:8)
  Sigmund (D:5)
  2 hungry ghosts
  A steam dragon (D:9)
  A vampire mosquito (D:8)
  A water moccasin (D:8)
  A porcupine (D:10)
  2 ice beasts
  A hornet zombie (D:8)
  An orc warrior (D:8)
  3 ogres
  A centaur (D:9)
  3 bullfrogs
  A gnoll sergeant (D:9)
  5 scorpions
  4 crimson imps
  4 howler monkeys
  2 jellies
  4 hounds
  Crazy Yiuf (D:2)
  A gnoll shaman (D:5)
  4 orc priests
  A centaur zombie (D:9)
  A bullfrog skeleton (D:5)
  2 orc wizards
  A centaur skeleton (D:4)
  An iguana (D:5)
  6 worker ants
  A worker ant zombie (D:4)
  15 gnolls
  10 adders
  A river rat (D:10)
  4 shadow imps
  2 oozes
  2 adder zombies
  5 adder skeletons
  6 worms
  4 dart slugs
  A leopard gecko (D:1)
  18 orcs
  2 ball pythons (D:2)
  5 giant cockroaches
  13 goblins
  9 hobgoblins
  4 jackals
  10 kobolds
  A quokka (D:8)
  15 bats
  7 frilled lizards
  A quokka simulacrum (D:8)
  8 rats
  A bush (D:2)
206 creatures vanquished.

Vanquished Creatures (others)
  A bullfrog skeleton (D:8)
1 creature vanquished.

Grand Total: 207 creatures vanquished

Notes
Turn   | Place    | Note
-------+----------+-------------------------------------------
     0 | D:1      | funkygono the Troll Fighter began the quest for the Orb.
     0 | D:1      | Reached XP level 1. HP: 22/22 MP: 0/0
   109 | D:1      | Reached XP level 2. HP: 29/29 MP: 1/1
   474 | D:1      | Reached XP level 3. HP: 36/36 MP: 2/2
  1306 | D:2      | Reached XP level 4. HP: 44/44 MP: 3/3
  1559 | D:2      | Found a runed translucent door.
  1560 | D:2      | Noticed Crazy Yiuf
  1570 | D:2      | Killed Crazy Yiuf
  1570 | D:2      | Reached skill level 3 in Unarmed Combat
  1798 | D:2      | Reached XP level 5. HP: 52/52 MP: 4/4
  1833 | D:2      | Found a shimmering blue altar of Sif Muna.
  2524 | D:4      | Noticed a hungry ghost
  2547 | D:4      | Killed a hungry ghost
  2547 | D:4      | Reached skill level 4 in Unarmed Combat
  2547 | D:4      | Reached XP level 6. HP: 61/61 MP: 5/5
  2658 | D:4      | Reached skill level 5 in Unarmed Combat
  2664 | D:4      | HP: 2/61 [gnoll/+0 halberd (6)]
  2671 | D:4      | HP: 3/91 [centaur skeleton (2)]
  2696 | D:4      | Reached XP level 7. HP: 11/67 MP: 6/6
  3065 | D:5      | Entered Level 5 of the Dungeon
  3240 | D:5      | Reached skill level 6 in Unarmed Combat
  3410 | D:5      | Found a staircase to the Ecumenical Temple.
  3549 | Temple   | Entered the Ecumenical Temple
  3608 | Temple   | Became a worshipper of the Shining One
  3843 | D:5      | Noticed Sigmund
  3850 | D:5      | Killed Sigmund
  3850 | D:5      | Reached skill level 7 in Unarmed Combat
  3850 | D:5      | Reached XP level 8. HP: 64/75 MP: 7/7
  4652 | D:6      | Reached skill level 5 in Shields
  4652 | D:6      | Reached skill level 8 in Unarmed Combat
  4757 | D:6      | You fall into a shaft and drop 3 floors!
  4978 | D:8      | Noticed a cyclops
  4990 | D:8      | Killed a cyclops
  4990 | D:8      | Reached skill level 9 in Unarmed Combat
  4990 | D:8      | Reached XP level 9. HP: 83/83 MP: 8/8
  5023 | D:8      | Found an ancient bone altar of Kikubaaqudgha.
  5026 | D:8      | Identified the +8 scimitar of Kosiown {vorpal, Str+3 Dex+7}
  5026 | D:8      | Noticed an efreet
  5026 | D:8      | Reached * piety under the Shining One
  5035 | D:8      | Killed an efreet
  5461 | D:8      | Reached skill level 10 in Unarmed Combat
  5526 | D:8      | Noticed a gargoyle
  5555 | D:8      | Killed a gargoyle
  5555 | D:8      | Reached skill level 5 in Dodging
  5569 | D:8      | Found a large runed translucent door.
  5570 | D:8      | Found a large runed translucent door.
  6088 | D:8      | Found a white marble altar of Elyvilon.
  6091 | D:8      | Found a glowing silver altar of Zin.
  6166 | D:9      | Reached XP level 10. HP: 42/92 MP: 9/9
  6345 | D:9      | Reached skill level 11 in Unarmed Combat
  6424 | D:9      | Reached ** piety under the Shining One
  6764 | D:10     | Entered Level 10 of the Dungeon
  6770 | D:10     | Noticed a death yak
  6774 | D:10     | Noticed a death yak
  6775 | D:10     | Noticed a death yak
  6796 | D:9      | HP: 1/92 [death yak (9)]
  6800 | D:9      | Killed a death yak
  6801 | D:9      | Mangled by a death yak

Levels and vault maps discovered:
D:1:      dpeg_arrival_subterranean_lakeside_camping, layout_basic
D:2:      minmay_alternating_diamond, layout_basic, led_sif_pool,
          serial_park_tiny_1, uniq_crazy_yiuf_cottage
D:3:      layout_basic
D:4:      layout_rooms, first_ration
D:5:      layout_loops_ring, temple_fountains, uniq_sigmund
D:6:      kennysheep_six_static_rooms, layout_basic, minivault_10
D:8:      minmay_the_grid_octo_triangle [minmay_the_grid_octo_vomiting_pacman,
          minmay_the_grid_octo_prize_single_spiral,
          minmay_the_grid_octo_tetromino_candy], layout_loops_corners,
          jmf_multi_god_temple2
D:9:      layout_loops_ring
D:10:     lemuel_reptile_caves, layout_long_grid, dpeg_lair_monsters,
          serial_shops, nicolae_shop_behind_doors
Temple:   regret_index_temple_waves

Skill      XL: |  1  2  3  4  5  6  7  8  9 10 |
---------------+-------------------------------+-----
Shields        | 3 4 5 6 |  6.4
Unarmed Combat | 3 4 5 7 9 10 11 | 11.6
Dodging        | 3 4 5 |  5.6
Fighting       | 3 4 |  4.0

Action                   |  1- 3 |  4- 6 |  7- 9 | 10-12 || total
-------------------------+-------+-------+-------+-------++-------
Melee: Unarmed           |   167 |   160 |   290 |    54 ||   671
  Use: Scroll            |     3 |     3 |    12 |     2 ||    20
       Potion            |       |     1 |       |     1 ||     2
 Stab: Sleeping          |       |     1 |       |       ||     1
  Eat: Chunk             |    18 |    19 |    30 |     6 ||    73
Armor: Robe              |    44 |    40 |    31 |       ||   115
       Steam dragon scal |       |       |    23 |     6 ||    29
Dodge: Dodged            |    61 |    36 |    68 |    14 ||   179
Block: Shield            |    73 |    76 |   104 |    17 ||   270

Table legend:
 A = Non-vault XP
 B = Vault XP
 C = Vault XP percentage of total XP
 D = Non-vault monster count
 E = Vault monster count
 F = Vault count percentage of total count
                 A         B        C        D         E       F
            +---------+---------+-------+---------+---------+-------
      Total |    3993 |    3466 |  46.5 |     171 |      34 |  16.6
            +---------+---------+-------+---------+---------+-------
        D:1 |      58 |       9 |  13.4 |      32 |       6 |  15.8
        D:2 |      83 |      48 |  36.6 |      24 |       6 |  20.0
        D:3 |      43 |       0 |   0.0 |      15 |       0 |   0.0
        D:4 |     634 |       0 |   0.0 |      20 |       0 |   0.0
        D:5 |     657 |     223 |  25.3 |      32 |       1 |   3.0
        D:6 |     315 |     176 |  35.8 |       7 |       5 |  41.7
        D:8 |     754 |    1959 |  72.2 |      21 |      12 |  36.4
        D:9 |    1324 |     892 |  40.3 |      19 |       1 |   5.0
       D:10 |     125 |     159 |  56.0 |       1 |       3 |  75.0
            +---------+---------+-------+---------+---------+-------
